 Dungeon Sprint DCSS version 0.24-a0-592-g9a1d66b0e3 (webtiles) character file.

Game seed: 13690946114187724636, levelgen mode: deterministic

3987 MordorOrchid the Nimble (level 10, -6/68 HPs)
             Began as an Octopode Air Elementalist on Sept 9, 2019.
             Was an Elder of Sif Muna.
             Mangled by a spiny frog (16 damage)
             ... in the Dungeon (Sprint IX: "|||||||||||||||||||||||||||||").
             The game lasted 00:10:05 (506 turns).

MordorOrchid the Nimble (Octopode Air Elementalist)  Turns: 506, Time: 00:10:06

Health: -6/68      AC:  1    Str:  7    XL:     10   Next: 22%
Magic:  4/22       EV: 24    Int: 21    God:    Sif Muna [****..]
Gold:   0          SH:  0    Dex: 13    Spells: 6/26 levels left

rFire    . . .     SeeInvis .   p - +2 halberd (venom)
rCold    . . .     Gourm    .   (shield currently unavailable)
rNeg     . . .     Faith    .   (helmet restricted)
rPois    .         Spirit   .   (no amulet)
rElec    .         Reflect  .   r - +2 ring of evasion
rCorr    .         Harm     .   s - +2 ring of evasion
MR       .....     NoTele   +   (no ring)
Stlth    ++++......             (no ring)
HPRegen  0.21/turn              (no ring)
MPRegen  0.18/turn              (no ring)
                                (no ring)
                                (no ring)

@: very slightly contaminated
A: almost no armour, stealthy swim, amphibious, 8 rings, constrict 8, camouflage
1, gelatinous body 1
a: Channel Magic, Forget Spell, Divine Exegesis, Renounce Religion


You were in the Dungeon.
You worshipped Sif Muna.
Sif Muna was greatly pleased with you.
You were not hungry.

You visited 1 branch

Inventory:

Hand Weapons
 a - the +2 scimitar of Kaloclaj {venom, rF- rN++ Dex+5}
   (You found it in the Dungeon)

   It poisons the flesh of those it strikes.
   It affects your dexterity (+5).
   It makes you vulnerable to fire.
   It greatly protects you from negative energy.
 i - a +0 short sword
 o - a +4 quarterstaff of speed
 p - a +2 halberd of venom (weapon)
 y - a +2 rapier of distortion
Magical Staves
 m - an uncursed staff of energy
Jewellery
 r - a +2 ring of evasion (left tentacle)
 s - a +2 ring of evasion (right tentacle)
Wands
 l - a wand of acid (4)
Scrolls
 h - 2 scrolls of blinking
 j - 3 scrolls of remove curse
 k - 2 scrolls of amnesia
 v - 3 scrolls of fear
 w - 2 scrolls of identify
Potions
 c - 5 potions of curing
 d - 3 potions of heal wounds
 e - a potion of haste
 f - 4 potions of magic
 n - 2 potions of resistance
 q - a potion of berserk rage
 t - 2 potions of might
 u - a potion of mutation
Comestibles
 b - a ration


   Skills:
 - Level 6.0 Fighting
 - Level 4.2 Short Blades
 * Level 11.8 Dodging
 - Level 5.3 Stealth
 + Level 8.8 Spellcasting
 * Level 9.3 Conjurations
 * Level 3.4 Fire Magic
 + Level 10.1 Air Magic
 * Level 3.4 Earth Magic
 - Level 6.3 Invocations
 - Level 6.0 Evocations


You had 6 spell levels left.
You knew the following spells:

 Your Spells              Type           Power        Failure   Level  Hunger
a - Shock                 Conj/Air       ####         1%          1    None
b - Airstrike             Air            ######....   1%          4    ###....
f - Lightning Bolt        Conj/Air       ######....   3%          5    #####..
h - Bolt of Magma         Conj/Fire/Erth ####......   22%         5    #####..
w - Swiftness             Chrm/Air       ####....     1%          2    None
P - Ignite Poison         Fire/Tmut/Pois ##......     14%         3    None

Your spell library contained the following spells:

 Spells                   Type           Power        Failure   Level  Hunger
 Throw Flame              Conj/Fire      #####.       1%          2    None
 Static Discharge         Conj/Air       ######..     1%          3    None
 Infusion                 Chrm           #...         8%          1    None
 Song of Slaying          Chrm           #.......     11%         2    None
 Ozocubu's Armour         Chrm/Ice       #.......     22%         3    None


Dungeon Overview and Level Annotations

Branches:
Dungeon (1/1)

Altars:
Cheibriados
Dithmenos
Elyvilon
Fedhas
Gozag
Hepliaklqana
Kikubaaqudgha
Makhleb
Nemelex Xobeh
Okawaru
Qazlal
Ru
Sif Muna
Trog
Uskayaw
Vehumet
Wu Jian
Xom
Yredelemnul
Zin
The Shining One
Beogh
Jiyva
Lugonu


Innate Abilities, Weirdness & Mutations

You cannot wear most types of armour.
You are very stealthy in the water. (Stealth+)
You are amphibious.
You can wear up to eight rings at the same time.
You can use your tentacles to constrict eight enemies at once.
Your skin changes colour to match your surroundings (Stealth+).
Your rubbery body absorbs attacks. (AC +1, EV +1)


Message History

Wisps of smoke drift from your tentacles.
The spiny frog completely misses you. The spiny frog stings you!
* * * LOW HITPOINT WARNING * * *
Casting: Lightning Bolt (safe; 3% risk of failure)
Confirm with . or Enter, or press ? or * to list all spells.
Aiming: Lightning Bolt (safe; 3% risk of failure)
Press: ? - help, Shift-Dir - straight line, f/p - spiny frog
Aim: a spiny frog (severely wounded)
You miscast Lightning Bolt.
You are blasted with air!
The spiny frog misses you.
Casting: Lightning Bolt (safe; 3% risk of failure)
Confirm with . or Enter, or press ? or * to list all spells.
Aiming: Lightning Bolt (safe; 3% risk of failure)
Press: ? - help, Shift-Dir - straight line, f/p - spiny frog
Aim: a spiny frog (severely wounded)
You hear a mighty clap of thunder!
The bolt of lightning hits the spiny frog.
The spiny frog is almost dead.
The spiny frog stings you!
You die...

▓▓▓▓▓▓▓▓▓▓▓▓▓▓▓▓▓▓▓▓▓▓▓▓▓▓▓▓▓▓▓▓▓
____________________'....)'.....(
▓▓▓▓▓▓▓▓▓▓▓▓▓▓▓▓▓▓▓▓▓▓▓▓▓▓▓▓▓▓▓▓▓
.................................
▓▓▓▓▓▓▓▓▓▓▓▓▓▓▓▓▓▓▓▓▓▓▓▓▓▓▓▓▓▓▓▓▓
...†††F@....).......'...
▓▓▓▓▓▓▓▓▓▓▓▓▓▓▓▓▓▓▓▓▓▓▓▓


You could see a spiny frog.

Vanquished Creatures
  2 hydras (D)
  A two-headed ogre (D)
  An ugly thing (D)
  A cyclops (D)
  A spiny frog (D)
  A komodo dragon (D)
  2 water moccasins (D)
  A sky beast (D)
  An ogre (D)
  2 crocodiles (D)
  A bullfrog (D)
  A hound (D)
  2 worker ants (D)
  An adder (D)
  A shadow imp (D)
  A dart slug (D)
  An orc (D)
  A bat skeleton (D)
  A bat zombie (D)
  A giant cockroach (D)
  A goblin (D)
  A kobold (D)
  A bat (D)
  A giant cockroach zombie (D)
28 creatures vanquished.

Vanquished Creatures (others)
  A sky beast (D)
1 creature vanquished.

Grand Total: 29 creatures vanquished

Notes
Turn   | Place    | Note
-------+----------+-------------------------------------------
     0 | D        | MordorOrchid the Octopode Air Elementalist began the quest
                  | for the Orb.
     0 | D        | Reached XP level 1. HP: 11/11 MP: 3/3
     5 | D        | Reached skill level 1 in Fighting
     5 | D        | Reached skill level 3 in Dodging
     6 | D        | Reached XP level 2. HP: 19/19 MP: 0/5
    57 | D        | Learned a level 2 spell: Swiftness
    57 | D        | Noticed an ogre
    57 | D        | Noticed a sky beast
    71 | D        | Reached skill level 4 in Dodging
    71 | D        | Reached XP level 3. HP: 26/26 MP: 1/7
    76 | D        | Killed a sky beast
    76 | D        | Reached skill level 5 in Dodging
    76 | D        | Reached skill level 5 in Stealth
    76 | D        | Reached XP level 4. HP: 19/34 MP: 1/10
    76 | D        | Reached XP level 5. HP: 21/38 MP: 1/11
    77 | D        | Killed an ogre
    77 | D        | Reached skill level 5 in Fighting
    77 | D        | Reached skill level 6 in Dodging
    83 | D        | Found a roughly hewn altar of Beogh.
    83 | D        | Found a snail-covered altar of Cheibriados.
    83 | D        | Found a shadowy altar of Dithmenos.
    83 | D        | Found a white marble altar of Elyvilon.
    83 | D        | Found a blossoming altar of Fedhas.
    83 | D        | Found an opulent altar of Gozag.
    84 | D        | Found a hazy altar of Hepliaklqana.
    85 | D        | Found a viscous altar of Jiyva.
    86 | D        | Found an ancient bone altar of Kikubaaqudgha.
    87 | D        | Found a corrupted altar of Lugonu.
    88 | D        | Found a burning altar of Makhleb.
    89 | D        | Found a sparkling altar of Nemelex Xobeh.
    90 | D        | Found an iron altar of Okawaru.
    91 | D        | Found a stormy altar of Qazlal.
    92 | D        | Found a sacrificial altar of Ru.
    93 | D        | Found a shimmering blue altar of Sif Muna.
    94 | D        | Found a bloodstained altar of Trog.
    95 | D        | Found a hide-covered altar of Uskayaw.
    96 | D        | Found a radiant altar of Vehumet.
    97 | D        | Found an ornate altar of the Wu Jian Council.
    98 | D        | Found a shimmering altar of Xom.
    99 | D        | Found a basalt altar of Yredelemnul.
   100 | D        | Found a glowing silver altar of Zin.
   101 | D        | Became a worshipper of Sif Muna the Loreminder
   102 | D        | Found a glowing golden altar of the Shining One.
   120 | D        | Got the +2 scimitar of Kaloclaj {venom, rF- rN++ Dex+5}
   135 | D        | Learned a level 4 spell: Airstrike
   141 | D        | Learned a level 5 spell: Lightning Bolt
   231 | D        | Noticed a sky beast
   231 | D        | Noticed a two-headed ogre
   233 | D        | Reached skill level 5 in Spellcasting
   233 | D        | Reached skill level 5 in Conjurations
   233 | D        | Reached XP level 6. HP: 46/46 MP: 13/13
   237 | D        | Reached * piety under Sif Muna
   242 | D        | Killed a two-headed ogre
   242 | D        | Reached skill level 8 in Dodging
   242 | D        | Reached XP level 7. HP: 47/52 MP: 10/16
   242 | D        | Reached XP level 8. HP: 52/57 MP: 10/17
   249 | D        | Reached skill level 5 in Evocations
   264 | D        | Noticed a cyan ugly thing
   264 | D        | Noticed a six-headed hydra
   264 | D        | Noticed a cyclops
   264 | D        | Noticed a yak
   268 | D        | Reached ** piety under Sif Muna
   273 | D        | Killed a cyclops
   273 | D        | Reached skill level 9 in Dodging
   273 | D        | Reached skill level 5 in Invocations
   282 | D        | Killed a six-headed hydra
   282 | D        | Reached skill level 10 in Dodging
   282 | D        | Reached XP level 9. HP: 14/62 MP: 18/20
   283 | D        | Killed a cyan ugly thing
   283 | D        | Reached *** piety under Sif Muna
   283 | D        | Reached skill level 11 in Dodging
   388 | D        | Got the Handbook of Igneous Enhancements
   484 | D        | Learned a level 5 spell: Bolt of Magma
   488 | D        | Learned a level 3 spell: Ignite Poison
   488 | D        | Noticed a spiny frog
   488 | D        | Noticed an eight-headed hydra
   492 | D        | Killed a spiny frog
   492 | D        | Reached skill level 1 in Fire Magic
   492 | D        | Reached skill level 1 in Earth Magic
   492 | D        | Noticed a spiny frog
   493 | D        | Noticed a komodo dragon
   494 | D        | Killed an eight-headed hydra
   494 | D        | Reached **** piety under Sif Muna
   494 | D        | Reached XP level 10. HP: 22/68 MP: 6/22
   496 | D        | Reached skill level 10 in Air Magic
   506 | D        | Mangled by a spiny frog

Levels and vault maps discovered:
D:        linesprint [early_d, line_temple, items_1, d_10, items_2, lair_1,
          lair_end, items_3, orc_1, orc_end, items_4, d_15, swamp_1, shoals_1,
          snake_1, spider_1, d_20, vaults_1, items_5, swamp_end, shoals_end,
          snake_end, spider_end, vaults_end, d_27, items_6, zot_1, zot_end,
          crypt_end, forest_end, elf_end, slime_end, tomb_end, abyss_end,
          pan_hell_end]

Skill      XL: |  1  2  3  4  5  6  7  8  9 10 |
---------------+-------------------------------+-----
Fighting       | 2 3 4 5 6 |  6.0
Stealth        | 3 4 5 |  5.3
Dodging        | 3 4 5 6 8 10 11 | 11.8
Conjurations   | 2 3 5 6 7 9 |  9.3
Spellcasting   | 4 5 6 7 8 |  8.8
Short Blades   | 4 |  4.2
Air Magic      | 6 8 9 10 | 10.1
Invocations    | 4 5 6 |  6.3
Evocations     | 4 5 6 |  6.0
Fire Magic     | 2 3 |  3.4
Earth Magic    | 2 3 |  3.4

Action                   |  1- 3 |  4- 6 |  7- 9 | 10-12 || total
-------------------------+-------+-------+-------+-------++-------
Melee: Short sword       |    12 |     1 |       |       ||    13
       Constrict         |     1 |       |     1 |       ||     2
       Tentacles         |     1 |     3 |       |       ||     4
       Rapier            |       |     6 |     9 |       ||    15
 Cast: Shock             |     7 |     3 |     7 |       ||    17
       Lightning Bolt    |       |       |     4 |     7 ||    11
Invok: Channel Magic     |       |       |     2 |     1 ||     3
Evoke: Wand              |       |     1 |     5 |       ||     6
  Use: Potion            |     1 |     1 |       |       ||     2
 Stab: Invisible         |       |     1 |     2 |       ||     3
  Eat: Chunk             |       |       |     1 |       ||     1
       Ration            |       |       |       |     1 ||     1
Armor: Skin              |     1 |       |       |       ||     1
Dodge: Dodged            |    12 |    10 |    15 |     7 ||    44

Table legend:
 A = Non-vault XP
 B = Vault XP
 C = Vault XP percentage of total XP
 D = Non-vault monster count
 E = Vault monster count
 F = Vault count percentage of total count
                 A         B        C        D         E       F
            +---------+---------+-------+---------+---------+-------
      Total |       0 |    5696 | 100.0 |       0 |      29 | 100.0
            +---------+---------+-------+---------+---------+-------
          D |       0 |    5696 | 100.0 |       0 |      29 | 100.0
            +---------+---------+-------+---------+---------+-------
